 Dungeon Crawl Stone Soup version 0.29-a0-330-g52719c12eb (webtiles) character file.

Game seed: 7638312527389686889

14 kae the Firebug (level 2, 0/22 HPs)
             Began as a Demigod Fire Elementalist on May 30, 2022.
             Frozen to death by an endoplasm (5 damage)
             ... on level 2 of the Dungeon.
             The game lasted 00:00:31 (928 turns).

kae the Firebug (Demigod Fire Elementalist)          Turns: 928, Time: 00:00:32

Health: 0/22       AC:  2    Str:  9    XL:     2   Next: 15%
Magic:  4/7        EV: 12    Int: 17    God:
Gold:   75         SH:  0    Dex: 14    Spells: 3/4 levels left

rFire   . . .      SeeInvis .   (no weapon)
rCold   . . .      Faith    .   (no shield)
rNeg    . . .      Spirit   .   a - +0 robe
rPois   .          Reflect  .   (no helmet)
rElec   .          Harm     .   (no cloak)
rCorr   .          Rampage  .   (no gloves)
Will    .....                   (no boots)
Stlth   ++........              (no amulet)
HPRegen 0.07/turn               (no ring)
MPRegen 0.10/turn               (no ring)

@: lethally poisoned (0 -> -4), very slightly contaminated
A: high MP 1, forlorn, divine attributes
a: no special abilities


You were on level 2 of the Dungeon.
You visited 1 branch of the dungeon, and saw 2 of its levels.

You collected 75 gold pieces.

Inventory:

Armour
 a - a +0 robe (worn)
Scrolls
 d - a scroll of blinking {unknown}
 e - a scroll of identify {unknown}
Potions
 b - 2 potions of magic
 c - a potion of haste {unknown}
 f - 2 potions of experience {unknown}


   Skills:
 + Level 0.4 Fighting
 - Level 1.7 Dodging
 - Level 1.7 Stealth
 + Level 1.9 Spellcasting
 * Level 1.3 Conjurations
 * Level 2.9 Fire Magic


You had 3 spell levels left.
You knew the following spells:

 Your Spells              Type           Power      Damage    Failure   Level
a - Foxfire               Conj/Fire      36%        2x1d5     9%          1

Your spell library contained the following spells:

 Spells                   Type           Power      Damage    Failure   Level
 Scorch                   Fire           22%        2d6       9%          2
 Conjure Flame            Conj/Fire      9%         6-21      24%         3
 Inner Flame              Hex/Fire       6%         N/A       32%         3
 Flame Wave               Conj/Fire      9%         2d5       63%         4
 Fireball                 Conj/Fire      4%         3d4       92%         5
 Starburst                Conj/Fire      4%         6d4       100%        6
 Ignition                 Fire           5%         3d4       100%        8


Dungeon Overview and Level Annotations

Branches:
Dungeon (1/15)


Innate Abilities, Weirdness & Mutations

You have an increased reservoir of magic. (+10% MP)
You shall have no god before yourself.
Your divine heritage dramatically boosts your attributes as you level up.


Message History

Things that are here:
a +0 dagger; a kobold corpse You now have 64 gold pieces (gained 10).
Found a leather armour.
There is a stone staircase leading down here.
You now have 69 gold pieces (gained 5).
You now have 75 gold pieces (gained 6).
Found a robe.
An endoplasm comes into view.
An adder comes into view.
There are monsters nearby!
Casting: Foxfire (safe; 9% risk of failure)
Confirm with . or Enter, or press ? or * to list all spells.
You miscast Foxfire.
You are very lightly contaminated with residual magic.
Nothing appears to happen.
The endoplasm quivers.
The endoplasm hits you but does no damage.
Casting: Foxfire (safe; 9% risk of failure)
Confirm with . or Enter, or press ? or * to list all spells.
You conjure some foxfire!
The adder bites you. The endoplasm freezes you.
You are frozen.
The foxfire hits the adder.
The adder is moderately wounded.
The foxfire hits the endoplasm.
The endoplasm is moderately wounded.
The adder bites you. x2
You are poisoned.
The adder poisons you! The endoplasm freezes you.
You are frozen.
Casting: Foxfire (safe; 9% risk of failure)
Confirm with . or Enter, or press ? or * to list all spells.
You conjure some foxfire!
* * * LOW HITPOINT WARNING * * *
You feel sick. The adder closely misses you. The endoplasm freezes you.
You are frozen.
You die...

#.# #.# #.# #.# #[#
#.# # #####.###.###
#.#...........#
#.#.###.#.###.###.#
#.#.###...# #.....#
#.##....#.##.###v##..#
.........#.#...v@# .#
...###..###....J.S...#
#. ##.## ##.#.###...#
.. #.### ##..# ...#
#.###...# #.... ..#
#..##...###...### .##
.........#.#.. #
.#...........
.............


You could see an adder and an endoplasm (ally target).

Vanquished Creatures
  2 dart slugs (D:1)
  An endoplasm (D:1)
  A hobgoblin (D:1)
  A quokka (D:1)
  A ball python (D:1)
  2 bats (D:1)
  A kobold (D:2)
  A rat (D:1)
10 creatures vanquished.

Vanquished Creatures (others)
  40 foxfires
  3 plants (D:2)
43 creatures vanquished.

Grand Total: 53 creatures vanquished

Notes
Turn   | Place    | Note
-------+----------+-------------------------------------------
     0 | D:1      | kae the Demigod Fire Elementalist began the quest for the
                  | Orb.
     0 | D:1      | Reached XP level 1. HP: 14/14 MP: 5/5
   225 | D:1      | Reached skill level 1 in Conjurations
   728 | D:1      | Reached XP level 2. HP: 22/22 MP: 5/7
   789 | D:1      | You fall into a shaft and drop 1 floor!
   928 | D:2      | Frozen to death by an endoplasm

Illustrated notes

Levels and vault maps discovered:
D:1:      kennysheep_arrival_forest, layout_loops_cross,
          shapermc_ecumenical_altar_pompeii, minmay_shallow_snake_nest
D:2:      kennysheep_the_goblin_king, layout_loops_ring, serial_bayou,
          serial_bayou_pond_e, serial_bayou_lagoon_b, serial_bayou_lagoon_a,
          serial_bayou_shore_a, uniq_sigmund

Skill      XL: |  1 |
---------------+----+-----
Conjurations   | 1 |  1.3
Fighting       | |  0.4
Dodging        | |  1.7
Stealth        | |  1.7
Spellcasting   | |  1.9
Fire Magic     | |  2.9

Action                   || total
-------------------------++-------
 Cast: Foxfire           ||    27
Armor: Robe              ||     3
Dodge: Dodged            ||     5

Table legend: (Time is in decaauts)
 A = Elapsed time spent in this place.
 B = Non-inter-level travel time spent in this place.
 C = Inter-level travel time spent in this place.
 D = Time resting spent in this place.
 E = Time spent auto-exploring this place.
 F = Levels seen in this place.
 G = Mean time per level.
                   A        B        C        D        E       F      G
               +--------+--------+--------+--------+--------+-----+--------+
         Total |    927 |    927 |      0 |      0 |    831 |   2 |  463.5 |
       Dungeon |    927 |    927 |      0 |      0 |    831 |   2 |  463.5 |
               +--------+--------+--------+--------+--------+-----+--------+

Top non-repeatable levels by time:
     D:1: 789 daAuts
     D:2: 138 daAuts
